 Dungeon Crawl Stone Soup version 0.30-b1-2-g02819fbbbe (webtiles) character file.

Game seed: 15690346857099797193

459 Mesmaeker13 the Shield-Bearer (level 6, -8/47 HPs)
             Began as a Demonspawn Wanderer on Oct 1, 2023.
             Mangled by an ogre
             ... wielding a +0 giant spiked club
              (19 damage)
             ... on level 5 of the Dungeon.
             The game lasted 00:05:06 (2889 turns).

Mesmaeker13 the Shield-Bearer (Demonspawn Wanderer) Turns: 2889, Time: 00:05:06

Health: -8/47      AC: 11    Str: 12    XL:     6   Next: 78%
Magic:  6/6        EV: 11    Int: 17    God:
Gold:   237        SH:  5    Dex: 17    Spells: 5/5 levels left

rFire   . . .        g - +0 trident
rCold   . . .        f - +0 buckler {AC+3}
rNeg    . . .        h - +1 ring mail {Will+}
rPois   .            l - +0 helmet
rElec   .            e - scarf {repulsion}
rCorr   .            r - +0 pair of gloves
SInv    .            (no boots)
Will    +....        (no amulet)
Stlth   +            m - +6 ring of intelligence
HPRegen 0.27/turn    (no ring)
MPRegen 0.10/turn

%: repel missiles
@: no status effects
A: hooves 1, ignite blood 1, powered by death 1
a: no special abilities


You were on level 5 of the Dungeon.
You visited 1 branch of the dungeon, and saw 5 of its levels.

You collected 265 gold pieces.
You spent 28 gold pieces at shops.

Inventory:

Hand Weapons
 g - a +0 trident (weapon)
Armour
 c - a scarf of harm
 e - a scarf of repulsion (worn)
 f - a +0 buckler of protection (worn)
 h - a +1 ring mail of willpower (worn)
 l - a +0 helmet (worn)
 r - a +0 pair of gloves (worn)
Jewellery
 m - a +6 ring of intelligence (left hand)
 s - a ring of flight
 v - a ring of ice
Scrolls
 a - 2 scrolls of teleportation {unknown}
 i - a scroll of fear
 n - 2 scrolls of fog {unknown}
 o - a scroll of enchant weapon {unknown}
 t - a scroll of enchant armour
Potions
 b - 5 potions of curing
 d - 3 potions of brilliance
 j - a potion of berserk rage
 k - a potion of attraction
 p - a potion of magic {unknown}
 u - a potion of cancellation {unknown}


   Skills:
 + Level 3.5 Fighting
 - Level 0.4 Polearms
 + Level 3.2 Dodging
 + Level 4.8 Shields
 - Level 1.0 Unarmed Combat
 + Level 4.6 Evocations


You had 5 spell levels left.
You didn't know any spells.
Your spell library contained the following spells:

 Spells                   Type           Power      Damage    Failure   Level
 Magic Dart               Conj           0%         1d3       58%         1
 Call Imp                 Summ           0%         N/A       73%         2
 Mephitic Cloud           Conj/Pois/Air  0%         N/A       91%         3


Dungeon Overview and Level Annotations

Branches:
Dungeon (5/15)             Temple (0/1) D:4

Altars:

Shops:
D:3 ?


Innate Abilities, Weirdness & Mutations

You have large cloven feet.
Your demonic aura sometimes causes spilled blood to erupt in flames.
You regenerate a little health from kills.


Message History

Things that are here:
a +4 great sword; a +0 robe Unknown command.
A wight comes into view. It is wielding a +0 dagger.
There is an escape hatch in the ceiling here.
The wight barely misses you. A mysterious force pulls you upwards.
The hatch slams shut behind you.
There is a stone staircase leading up here.
There is a stone staircase leading down here.
You start resting.
HP restored.
You climb downwards.
There is a stone staircase leading up here.
An ogre comes into view. It is wielding a +0 giant spiked club.
You aren't carrying any items that you can evoke.
Unknown command.
Okay, then.
You feel clever.
m - a +6 ring of intelligence (left hand)
You reach to attack!
You hit the ogre.
The ogre is moderately wounded.
You puncture the ogre! You kick the ogre.
The ogre is heavily wounded.
The ogre closely misses you.
You barely miss the ogre. Your kick misses the ogre.
The ogre is heavily wounded.
The ogre closely misses you.
You closely miss the ogre.
The ogre is heavily wounded.
The ogre hits you with a +0 giant spiked club!
You hit the ogre. Your kick misses the ogre.
The ogre is almost dead.
The ogre hits you with a +0 giant spiked club!!
* * * LOW HITPOINT WARNING * * *
You hear an angry growl.
You hit the ogre.
The ogre is almost dead.
A black bear comes into view.
The ogre hits you with a +0 giant spiked club!!
You die...

.. .. .. #.
#..~..# #. >.~..#
#. #.....##
#..###O####
#.......
#.$....@..#####
#......
##.##.###.....#
#...... ..
#####.####......
..h # #...........
...
........####......
..
....########......
.
..................
......[.####.#...
.........<...##..


You could see a black bear and an ogre.

Vanquished Creatures
  An ogre (D:5)
  3 scorpions (D:4)
  A wight (D:5)
  An iguana (D:5)
  2 adders
  An ufetubus (D:5)
  A dart slug (D:2)
  2 orcs
  7 ball pythons
  9 endoplasms
  5 giant cockroaches
  5 hobgoblins
  3 jackals (D:2)
  2 quokkas
  6 bats
  3 frilled lizards (D:1)
  12 goblins
  10 kobolds
  7 rats
81 creatures vanquished.

Notes
Turn   | Place    | Note
-------+----------+-------------------------------------------
     0 | D:1      | Mesmaeker13 the Demonspawn Wanderer began the quest for the
                  | Orb.
     0 | D:1      | Mesmaeker13 set off with the following items: a +0 dagger,
                  | a potion of curing, a wand of polymorph (4), a potion of
                  | brilliance, a +0 leather armour, a +0 buckler of
                  | protection.
     0 | D:1      | Reached XP level 1. HP: 15/15 MP: 1/1
     6 | D:1      | Found a faded altar of an unknown god.
    47 | D:1      | Discovered your monstrous ancestry.
    47 | D:1      | Gained mutation: You have large cloven feet. [demonic
                  | ancestry]
    47 | D:1      | Reached XP level 2. HP: 21/21 MP: 2/2
   556 | D:1      | Reached XP level 3. HP: 24/26 MP: 3/3
  1139 | D:2      | Gained mutation: You regenerate a little health from kills.
                  | [demonic ancestry]
  1139 | D:2      | Reached XP level 4. HP: 33/33 MP: 4/4
  1687 | D:3      | Found Jeecuf's Magic Scroll Boutique.
  1690 | D:3      | Bought a scroll of identify for 28 gold pieces
  2081 | D:4      | Found a staircase to the Ecumenical Temple.
  2124 | D:4      | Noticed a scorpion
  2137 | D:4      | Killed a scorpion
  2138 | D:4      | Gained mutation: Your demonic aura sometimes causes spilled
                  | blood to erupt in flames. [demonic ancestry]
  2138 | D:4      | Reached XP level 5. HP: 28/39 MP: 5/5
  2320 | D:4      | Reached XP level 6. HP: 26/47 MP: 6/6
  2634 | D:5      | Entered Level 5 of the Dungeon
  2889 | D:5      | Mangled by an ogre

Illustrated notes

Levels and vault maps discovered:
D:1:      grunt_arrival_crossed_arrows, layout_basic,
          hellmonk_ecumenical_altar_pennies_from_heaven, hex_tiny
D:2:      layout_rooms
D:3:      layout_basic, serial_shops, nicolae_shop_rolled_up
D:4:      layout_loops_cross, minmay_temple_entry_purple_smoke
D:5:      layout_rooms, lemuel_tele_altar, mainiacjoe_overflow_24_doors,
          fedhas_altar_1, minmay_misc_feat_chi, chequers_serial_rivers_small_a

Skill      XL: |  1  2  3  4  5  6 |
---------------+-------------------+-----
Fighting       | 2 3 |  3.5
Shields        | 4 |  4.8
Dodging        | 2 3 |  3.2
Evocations     | 4 |  4.6
Polearms       | |  0.4
Unarmed Combat | |  1.0

Action                     |  1- 3 |  4- 6 || total
---------------------------+-------+-------++-------
  Melee: Dagger            |    33 |       ||    33
         Trident           |   128 |    88 ||   216
         Kick              |    34 |    24 ||    58
  Throw: Dart              |       |    13 ||    13
  Evoke: Wand              |       |     2 ||     2
    Use: Scroll            |       |     4 ||     4
         Potion            |       |     1 ||     1
   Stab: Sleeping          |     1 |       ||     1
 Armour: Leather armour    |     4 |       ||     4
         Ring mail         |    53 |    28 ||    81
  Dodge: Dodged            |    74 |    41 ||   115
  Block: Buckler           |    44 |    14 ||    58
